 Dungeon Crawl Stone Soup version 0.31-a0-865-g3d5d91748a (webtiles) character file.

Game seed: 5327519107666911959

21468 Ge0ff the Skirmisher (level 12, -14/75 HPs)
             Began as an Octopode Hexslinger on Oct 10, 2023.
             Was a Priest of Hepliaklqana.
             Killed by an exploding themself (40 damage)
             ... ignited by their inner flame
             ... on level 1 of the Lair of Beasts.
             The game lasted 00:31:17 (14878 turns).

Ge0ff the Skirmisher (Octopode Hexslinger)         Turns: 14878, Time: 00:31:18

Health: -14/75     AC:  6    Str:  8    XL:     12   Next: 90%
Magic:  0/17       EV: 14    Int: 23    God:    Hepliaklqana [***...]
Gold:   786        SH:  0    Dex: 17    Spells: 3/17 levels left

rFire   . . .        a - +0 orcbow
rCold   + . .        (shield currently unavailable)
rNeg    . . .        L - +1 hat
rPois   .            y - amulet of guardian spirit
rElec   .            t - ring of protection from cold
rCorr   .            S - +4 ring of protection
SInv    .            r - +6 ring of intelligence
Will    .....        (no ring)
Stlth   ++++         (no ring)
HPRegen 0.32/turn    (no ring)
MPRegen 0.15/turn    (no ring)
                     (no ring)

%: guardian spirit
@: lethally poisoned (-14 -> -26), weak-willed, on blink cooldown, jinxed,
hasted, studying Axes, very quick
A: reduced essence, almost no armour, amphibious, 8 rings, camouflage 1,
gelatinous body 1, nimble swimmer 1, tentacles
a: Renounce Religion, Recall Ancestor, Ancestor Identity, Transference


You were on level 1 of the Lair of Beasts.
You worshipped Hepliaklqana.
Hepliaklqana was most pleased with you.
You visited 3 branches of the dungeon, and saw 14 of its levels.

You collected 786 gold pieces.

Inventory:

Hand Weapons
 a - a +0 orcbow (weapon)
 b - a +2 sling
 h - a +3 quarterstaff of chaos
 w - a +1 dagger of draining
 O - a +0 arbalest
Missiles
 p - 12 poisoned darts
 v - 5 curare-tipped darts {=F}
 D - 4 boomerangs
 I - 7 datura-tipped darts {=F}
 Q - 2 javelins
 U - 5 silver javelins
Armour
 L - a +1 hat (worn)
Magical Staves
 x - the staff of Evil {rElec rN+ Str+2 Int+3 Dex+2 Air}
   (You found it on level 12 of the Dungeon)

   [staff of air]

   Base accuracy: +5 Base damage: 5 Base attack delay: 1.2 This weapon's minimum
   attack delay (0.6) is reached at skill level 12.
   Str+2:     It affects your strength (+2).
   Int+3:     It affects your intelligence (+3).
   Dex+2:     It affects your dexterity (+2).
   rElec:     It insulates you from electricity.
   rN+:       It protects you from negative energy.
   Air:       It increases the power of your Air spells.
   It falls into the 'Staves' category.
   It is a one-tentacled weapon.
Jewellery
 n - a +5 ring of evasion
 r - a +6 ring of intelligence (on tentacle)
 t - a ring of protection from cold (left tentacle)
 y - an amulet of guardian spirit (around mantle)
 G - an amulet of reflection
 S - a +4 ring of protection (right tentacle)
Wands
 d - a wand of digging (4)
 e - a wand of charming (10)
 f - a wand of flame (17)
 s - a wand of mindburst (24)
 P - a wand of polymorph (8)
Scrolls
 i - 2 scrolls of identify
 m - 3 scrolls of revelation
 o - a scroll of enchant weapon
 B - a scroll of blinking
 E - a scroll of fear
 F - 3 scrolls of fog
 J - a scroll of silence {!r}
 T - 7 scrolls of teleportation
 V - a scroll of vulnerability
 Y - a scroll of enchant armour
Potions
 q - 6 potions of curing
 u - 3 potions of mutation {!q}
 z - 2 potions of brilliance
 A - 4 potions of attraction
 H - 3 potions of haste {!q}
 K - 2 potions of magic {!q}
 M - 2 potions of might
 N - a potion of cancellation {!q}
 R - a potion of resistance
 W - 3 potions of heal wounds {!q}
 X - a potion of enlightenment
 Z - 3 potions of berserk rage {!q}


   Skills:
 * Level 8.8 Fighting
 * Level 14.2 Ranged Weapons
 + Level 2.4 Dodging
 - Level 3.0 Stealth
 - Level 3.0 Spellcasting
 - Level 7.0 Hexes
 - Level 3.0 Summonings
 - Level 3.0 Translocations
 - Level 3.0 Fire Magic
 + Level 6.7 Invocations
 + Level 7.4 Evocations


You had 3 spell levels left.
You knew the following spells:

 Your Spells              Type           Power      Damage    Failure   Level
f - Summon Guardian Gole  Hex/Summ       26%        N/A       4%          3
p - Dimensional Bullseye  Hex/Tloc       13%        N/A       14%         4
s - Jinxbite              Hex            70%        N/A       1%          2
B - Blink                 Tloc           34%        N/A       4%          2
C - Inner Flame           Hex/Fire       26%        N/A       4%          3

Your spell library contained the following spells:

 Spells                   Type           Power      Damage    Failure   Level
 Slow                     Hex            100%       N/A       1%          1
 Confusing Touch          Hex            35%        N/A       1%          3
 Sigil of Binding         Hex            35%        N/A       1%          3
 Tukima's Dance           Hex            35%        N/A       1%          3
 Summon Small Mammal      Summ           68%        N/A       3%          1
 Lesser Beckoning         Tloc           34%        N/A       4%          2
 Dazzling Flash           Conj/Hex       38%        N/A       9%          3
 Momentum Strike          Conj/Tloc      20%        3d8       10%         2
 Call Canine Familiar     Summ           17%        N/A       10%         3
 Ignite Poison            Fire/Tmut/Pois 8%         N/A       22%         3
 Vampiric Draining        Necr           3%         2d6       34%         3
 Cause Fear               Hex            17%        N/A       6%          4
 Leda's Liquefaction      Hex/Erth       9%         N/A       26%         4
 Manifold Assault         Tloc           17%        N/A       32%         4
 Passage of Golubria      Tloc           17%        N/A       32%         4
 Sticky Flame             Conj/Fire      10%        2d3       52%         4
 Silence                  Hex/Air        9%         N/A       58%         5
 Yara's Violent Unravell  Hex/Tmut       9%         3d6       58%         5
 Animate Dead             Necr           3%         N/A       75%         4
 Agony                    Necr           3%         N/A       97%         5
 Lee's Rapid Deconstruct  Erth           1%         3d4*      97%         5
 Bombard                  Conj/Erth      1%         9d1       100%        6
 Haunt                    Necr/Summ      5%         N/A       100%        7
 Orb of Destruction       Conj           1%         9d5       100%        7
 Spellforged Servitor     Conj/Summ      5%         N/A       100%        7
 Ignition                 Fire           8%         3d5       100%        8
 Infestation              Necr           1%         N/A       100%        8


Dungeon Overview and Level Annotations

Branches:
Dungeon (12/15) Zot: 25967  Temple (1/1) D:4 Zot: 5998    Lair (1/5) D:11 Zot: 4604
    Orc (0/2) D:9

Altars:
Ashenzari
Cheibriados
Dithmenos
Elyvilon
Fedhas
Gozag
Hepliaklqana
Kikubaaqudgha
Makhleb
Nemelex Xobeh
Okawaru
Qazlal
Ru
Sif Muna
Trog
Uskayaw
Vehumet
Wu Jian
Xom
Yredelemnul
Zin
The Shining One

Shops:
D:4 *   D:6 *   D:7 *   D:12 (

Annotations:
D:5 1 runed translucent door, bmj180's ghost, novice HuCj
D:9 3 runed translucent doors, Takeo's ghost, novice MiGl


Innate Abilities, Weirdness & Mutations

Your life essence is reduced to manifest your ancestor. (-10% HP)
You cannot wear most types of armour.
You are amphibious.
You can wear up to eight rings at the same time.
Your skin changes colour to match your surroundings (Stealth+).
Your rubbery body absorbs attacks. (AC +1, EV +1)
You are camouflaged when in or above water. (Stealth+)
You have tentacles for arms and can constrict up to eight enemies at once.


Message History

The arrow barely misses the dire elephant.
The arrow hits the lindwurm!
The lindwurm is almost dead.
A giggling sprite leaps out and smacks the lindwurm with its own front foot.
The lindwurm is almost dead.
Fire: a) +0 orcbow
Press: ? - help, Q - select action, (/) - cycle Shift-Dir - straight line, f/p - dire elephant
Aim: a dire elephant (poison gas, moderately wounded, poisoned, ally target, chance to call a sprite on attack: 6%, 91% to hit)
You shoot an arrow. The arrow hits the dire elephant.
The dire elephant is heavily wounded.
You kill the lindwurm!
The dire elephant is engulfed in poison gas.
The dire elephant looks even sicker.
The dire elephant barely misses you.
The dire elephant trunk-slaps you but does no damage.
Fire: a) +0 orcbow
Press: ? - help, Q - select action, (/) - cycle Shift-Dir - straight line, f/p - dire elephant
Aim: a dire elephant (poison gas, heavily wounded, very poisoned, ally target, chance to call a sprite on attack: 6%, 91% to hit)
You shoot an arrow. The arrow hits the dire elephant!
The dire elephant is heavily wounded.
Fire: a) +0 orcbow
Press: ? - help, Q - select action, (/) - cycle Shift-Dir - straight line, f/p - dire elephant
Aim: a dire elephant (poison gas, heavily wounded, very poisoned, ally target, chance to call a sprite on attack: 6%, 91% to hit)
You shoot an arrow.
The arrow hits the dire elephant but does no damage.
The dire elephant is heavily wounded.
The dire elephant is engulfed in poison gas.
The dire elephant looks even sicker.
The dire elephant tramples you!!
You hold your ground!
The dire elephant trunk-slaps you!
Fire: a) +0 orcbow
Press: ? - help, Q - select action, (/) - cycle Shift-Dir - straight line, f/p - dire elephant
Aim: a dire elephant (poison gas, severely wounded, very poisoned, ally target, chance to call a sprite on attack: 6%, 91% to hit)
You shoot an arrow.
The arrow hits the dire elephant but does no damage.
The dire elephant is severely wounded.
Casting: Summon Guardian Golem (dangerous; 4% risk of failure)
Confirm with . or Enter, or press ? or * to list all spells.
You blink.
Floosh!
You are engulfed in poison gas.
You are poisoned.
You feel very sick.
The dire elephant is engulfed in poison gas.
The dire elephant looks as sick as possible!
The dire elephant tramples your guardian golem!
Your guardian golem holds its ground!
Your guardian golem disappears in a puff of smoke!
Your guardian golem explodes!
The fiery explosion engulfs you!!!
Ouch! That really hurt!
You die...

##.#.#P#♣♣...~P≈≈≈♣♣~~♣♣♣~~♣♣♣♣
#...### ♣...~~≈≈≈~~~≈~~~~~~P~♣♣
##### ♣♣...~~≈~≈~≈~≈~≈≈≈~≈≈≈♣
♣♣.♣♣~~≈~~♣♣~♣≈≈≈P~~≈♣
♣#.♣##♣♣♣.♣♣♣#♣#♣♣~~♣ #R##
##.## ##'# #### ###### #####~~#
♣.≈≈ ##§§~≈####≈≈~~~≈#
○○§≈##@§#~~~88≈≈~~≈~~#
#☼§§~§#°§##≈~~≈~~##≈≈≈#
#♣°☼~°§Y§♣##≈~~≈###≈≈≈#
######### ###### #####


You could see a dire elephant (extremely poisoned).

Vanquished Creatures
  An ice dragon (D:12)
  2 two-headed ogres
  Erica (Lair:1)
  Amaemon (D:10)
  A lindwurm (Lair:1)
  A cyclops (D:11)
  An ugly thing (D:6)
  An elephant (Lair:1)
  A black mamba (Lair:1)
  An orange demon (D:10)
  A gargoyle (D:10)
  A cane toad (Lair:1)
  A rime drake (Lair:1)
  2 komodo dragons
  2 unseen horrors (D:11)
  A yaktaur (D:12)
  2 trolls
  4 blink frogs (Lair:1)
  Prince Ribbit (D:5)
  A hornet (D:10)
  Sigmund (D:5)
  3 wraiths
  6 wyverns
  8 yaks
  2 steam dragons
  9 vampire mosquitoes (D:12)
  2 wargs (D:11)
  Edmund (D:4)
  An acid dragon (D:11)
  4 water moccasins
  5 orc warriors
  2 ice beasts
  A swamp drake (D:9)
  2 ogres
  3 wolves (Lair:1)
  A kobold brigand (D:11)
  A gnoll sergeant (D:10)
  4 bullfrogs
  2 scorpions
  14 wights
  2 jellies
  12 killer bees
  3 howler monkeys (D:7)
  3 electric eels (Lair:1)
  6 hounds
  13 orc priests
  2 gnoll boudas
  Crazy Yiuf (D:5)
  2 sleepcaps (D:4)
  Ijyb (D:5)
  5 iguanas
  10 orc wizards
  16 gnolls
  5 adders
  3 shadow imps
  An ufetubus (D:5)
  2 dart slugs
  46 orcs
  3 bats (D:2)
  8 endoplasms
  2 giant cockroaches
  14 goblins
  8 hobgoblins
  5 jackals
  9 kobolds
  6 quokkas
  11 ball pythons
  4 frilled lizards
  6 rats
308 creatures vanquished.

Vanquished Creatures (collateral kills)
  A two-headed ogre (D:12)
  A manticore (D:12)
  2 cane toads (Lair:1)
  A kobold demonologist (D:9)
  A yak (Lair:1)
  3 vampire mosquitoes (D:12)
  A wolf (Lair:1)
  A bullfrog (Lair:1)
  3 orc wizards
  A gnoll (D:10)
  6 orcs
21 creatures vanquished.

Vanquished Creatures (others)
  A cane toad (Lair:1)
  2 yaks (Lair:1)
  3 knights (Lair:1)
  2 ancestors
8 creatures vanquished.

Grand Total: 337 creatures vanquished

Notes
Turn   | Place    | Note
-------+----------+-------------------------------------------
     0 | D:1      | Ge0ff the Octopode Hexslinger began the quest for the Orb.
     0 | D:1      | Reached XP level 1. HP: 13/13 MP: 2/2
   184 | D:1      | Found a faded altar of an unknown god.
   223 | D:1      | Reached XP level 2. HP: 18/18 MP: 3/3
   226 | D:1      | Learned a level 2 spell: Jinxbite
   297 | D:1      | Reached skill level 1 in Stealth
   435 | D:1      | Reached XP level 3. HP: 18/23 MP: 1/4
  1119 | D:2      | Reached skill level 3 in Ranged Weapons
  1168 | D:2      | Reached XP level 4. HP: 28/28 MP: 6/6
  1435 | D:2      | Reached XP level 5. HP: 26/34 MP: 4/7
  2297 | D:3      | Learned a level 2 spell: Blink
  2454 | D:4      | Found Qiys's Assorted Antiques.
  2455 | D:4      | Noticed Edmund
  2507 | D:4      | Killed Edmund
  2508 | D:4      | Reached skill level 4 in Ranged Weapons
  2508 | D:4      | Reached XP level 6. HP: 41/41 MP: 4/9
  2895 | D:4      | Found a staircase to the Ecumenical Temple.
  2904 | Temple   | Entered the Ecumenical Temple
  3422 | D:4      | Reached XP level 7. HP: 43/45 MP: 7/11
  3643 | D:5      | Entered Level 5 of the Dungeon
  3678 | D:5      | Found a runed translucent door.
  3679 | D:5      | Noticed Crazy Yiuf
  3684 | D:5      | Killed Crazy Yiuf
  3772 | D:5      | Reached skill level 5 in Ranged Weapons
  3935 | D:5      | Found a sacrificial altar of Ru.
  3935 | D:5      | Found a radiant altar of Vehumet.
  3984 | D:5      | Noticed Prince Ribbit
  4007 | D:5      | Killed Prince Ribbit
  4175 | D:5      | Noticed Ijyb
  4180 | D:5      | Killed Ijyb
  4181 | D:5      | Noticed Sigmund
  4192 | D:5      | Killed Sigmund
  4193 | D:5      | Reached skill level 6 in Ranged Weapons
  4193 | D:5      | Reached skill level 1 in Evocations
  4193 | D:5      | Reached XP level 8. HP: 52/54 MP: 8/12
  4284 | D:5      | Reached skill level 5 in Hexes
  4424 | D:5      | Found a runed translucent door.
  4499 | D:5      | Noticed bmj180's ghost (novice HuCj)
  4820 | D:6      | Reached skill level 7 in Ranged Weapons
  5262 | D:6      | Found Syeg's Fire Supplies.
  5522 | D:6      | Reached skill level 5 in Fighting
  5522 | D:6      | Reached XP level 9. HP: 61/61 MP: 10/13
  5549 | D:6      | Noticed a purple ugly thing
  5558 | D:6      | Killed a purple ugly thing
  5559 | D:6      | Reached skill level 8 in Ranged Weapons
  5560 | D:6      | Noticed a troll
  5583 | D:6      | HP: 3/91 [troll (7)]
  5585 | D:6      | Killed a troll
  5586 | D:6      | Reached skill level 9 in Ranged Weapons
  6054 | D:7      | Reached skill level 10 in Ranged Weapons
  6333 | D:7      | Found a glowing golden altar of the Shining One.
  6377 | D:7      | Found Nelluu's Needful Niceties.
  6803 | D:8      | Found a hazy altar of Hepliaklqana.
  6813 | D:8      | Reached skill level 11 in Ranged Weapons
  6813 | D:8      | Reached XP level 10. HP: 22/66 MP: 12/14
  6845 | D:8      | Found a white marble altar of Elyvilon.
  6856 | D:8      | Became a worshipper of Hepliaklqana the Forgotten
  7228 | D:8      | Found an ornate altar of the Wu Jian Council.
  7380 | D:7      | Reached skill level 1 in Invocations
  7800 | D:8      | Found an iron altar of Okawaru.
  7996 | D:8      | Reached skill level 12 in Ranged Weapons
  8017 | D:8      | Learned a level 3 spell: Inner Flame
  8165 | D:8      | Found an ornate altar of the Wu Jian Council.
  8248 | D:8      | Found a hazy altar of Hepliaklqana.
  8252 | D:8      | Found a white marble altar of Elyvilon.
  8491 | D:8      | Found an iron altar of Okawaru.
  8641 | D:9      | Learned a level 3 spell: Summon Guardian Golem
  8646 | D:9      | Learned a level 4 spell: Dimensional Bullseye
  8921 | D:9      | Reached skill level 1 in Summonings
  8921 | D:9      | Reached skill level 1 in Translocations
  9270 | D:9      | Reached * piety under Hepliaklqana
  9631 | D:9      | Reached XP level 11. HP: 44/64 MP: 4/15
  9772 | D:9      | Found a staircase to the Orcish Mines.
  9885 | D:9      | Found a runed translucent gate.
  9886 | D:9      | Found a runed translucent gate.
  9886 | D:9      | Found a runed translucent gate.
  9887 | D:9      | Found an opulent altar of Gozag.
  9889 | D:9      | Noticed Takeo's ghost (novice MiGl)
  9889 | D:9      | Noticed a cyclops
 10069 | D:10     | Entered Level 10 of the Dungeon
 10077 | D:10     | Paralysed by a hornet for 3 turns
 10150 | D:10     | Found a bloodstained altar of Trog.
 10642 | D:10     | Found a broken altar of Ashenzari.
 10642 | D:10     | Found a stormy altar of Qazlal.
 10642 | D:10     | Found an ancient bone altar of Kikubaaqudgha.
 10656 | D:10     | Found a snail-covered altar of Cheibriados.
 10788 | D:10     | Noticed Amaemon
 10822 | D:10     | Killed Amaemon
 11248 | D:11     | Found a staircase to the Lair.
 11351 | D:10     | Reached ** piety under Hepliaklqana
 11353 | D:10     | Remembered your ancestor OctoKnight as a knight
 11494 | D:11     | Noticed a two-headed ogre
 11501 | D:11     | Killed a two-headed ogre
 11502 | D:11     | Reached skill level 5 in Evocations
 11588 | D:11     | Noticed a cyclops
 11595 | D:11     | Killed a cyclops
 12413 | D:12     | Found Xisea's Antique Weapon Emporium.
 12456 | D:12     | Noticed a manticore
 12462 | D:12     | Killed a manticore
 12478 | D:12     | Noticed a two-headed ogre
 12484 | D:12     | Killed a two-headed ogre
 12520 | D:12     | Reached skill level 13 in Ranged Weapons
 12567 | D:12     | Identified the staff of Evil {rElec rN+ Str+2 Int+3 Dex+2
                  | Air}
 12568 | D:12     | Noticed an ice dragon
 12582 | D:12     | Killed an ice dragon
 12583 | D:12     | Reached skill level 5 in Invocations
 12583 | D:12     | Reached XP level 12. HP: 56/72 MP: 6/16
 12853 | D:12     | Noticed a two-headed ogre
 12866 | D:12     | Killed a two-headed ogre
 13441 | Lair:1   | Entered Level 1 of the Lair of Beasts
 13660 | Lair:1   | Reached *** piety under Hepliaklqana
 13849 | Lair:1   | Noticed Erica
 13859 | Lair:1   | Killed Erica
 14048 | Lair:1   | Reached skill level 14 in Ranged Weapons
 14601 | Lair:1   | Found a runed translucent door.
 14642 | Lair:1   | Noticed a dire elephant
 14878 | Lair:1   | Killed by an exploding themself... ignited by their inner
                  | flame

Illustrated notes

Levels and vault maps discovered:
D:1:      psy_arrival_conway, layout_rooms, ebering_ecumenical_altar_rust
D:2:      layout_basic, grunt_ministairs_10, minmay_heptomino_l4
D:3:      layout_loops_ring
D:4:      layout_basic, minmay_temple_entry_mist, serial_shops,
          nicolae_shop_hallway_stairs, minmay_misc_feat_plants, hellmonk_no_cap,
          uniq_edmund
D:5:      layout_basic, gammafunk_temple_overflow_statue, ebering_ghost_sewer_d,
          hangedman_decor_growths, chequers_serial_rivers_room_b,
          nrook_pool_corridor, glass_columns_c, serial_bayou_lagoon_a,
          uniq_crazy_yiuf_cottage, uniq_sigmund, uniq_prince_ribbit1, uniq_ijyb
D:6:      layout_rooms, serial_corexii_hall, corexii_hall_statues_u,
          corexii_hall_statues_i, nicolae_shop_fire_sale
          [nicolae_sub_dead_trees], minmay_manual_mail
D:7:      layout_rooms, nicolae_tso_carved_into_rock, nicolae_alphabet_shops
D:8:      layout_basic, okawaru_metal_pillars_1_2, mainiacjoe_overflow_catwalk,
          grunt_temple_overflow_open
D:9:      layout_roguey, erik_orc_1, ebering_ghost_gozag
D:10:     layout_cave_pods, grunt_temple_overflow_cloverleaf,
          nicolae_overflow_hidden_temple, uniq_amaemon
D:11:     layout_roguey, erik_lair_orcish_takeover, nrook_uturn,
          hangedman_abyss_or_decor_stabs, kennysheep_donut
D:12:     layout_roguey, serial_shops, shop, minmay_radiant
Temple:   nicolae_temple_bog_church
Lair:1:   gammafunk_lair_enchanted_lake, layout_misc_corridors,
          dreamdust_mushroom_princess, chequers_serial_rivers_micro_d,
          grunt_megastairs_5, uniq_erica

Skill      XL: |  1  2  3  4  5  6  7  8  9 10 11 12 |
---------------+-------------------------------------+-----
Stealth        | 1 2 3 |  3.0
Ranged Weapons | 3 4 6 7 11 12 13 14 | 14.2
Fighting       | 2 3 5 7 8 |  8.8
Spellcasting   | 2 3 |  3.0
Hexes          | 4 5 6 7 |  7.0
Evocations     | 1 3 4 6 7 |  7.4
Invocations    | 3 5 6 |  6.7
Summonings     | 1 3 |  3.0
Translocations | 1 3 |  3.0
Fire Magic     | 2 3 |  3.0
Dodging        | |  2.4

Action                     |  1- 3 |  4- 6 |  7- 9 | 10-12 || total
---------------------------+-------+-------+-------+-------++-------
  Melee: Dagger            |       |       |     4 |       ||     4
         Tentacles         |       |       |     2 |       ||     2
   Fire: Sling             |   108 |   149 |   240 |       ||   497
         Orcbow            |       |       |    31 |   680 ||   711
  Throw: Dart              |       |       |       |     1 ||     1
   Cast: Jinxbite          |     9 |    42 |    50 |    61 ||   162
         Inner Flame       |       |       |       |    21 ||    21
         Summon Guardian G |       |       |       |     9 ||     9
         Blink             |       |       |       |     1 ||     1
 Invoke: Ancestor Identity |       |       |       |     1 ||     1
         Recall Ancestor   |       |       |       |     2 ||     2
         Ancestor Life: Kn |       |       |       |     1 ||     1
  Evoke: Wand              |       |       |     9 |    12 ||    21
    Use: Scroll            |       |     6 |    12 |    10 ||    28
         Potion            |       |       |     3 |     4 ||     7
 Armour: Skin              |    30 |    17 |    51 |   169 ||   267
  Dodge: Dodged            |    48 |    22 |    54 |   178 ||   302
  Block: Other             |     9 |    11 |    24 |    12 ||    56
         Reflection        |       |     2 |     3 |       ||     5

Table legend: (Time is in decaauts)
 A = Elapsed time spent in this place.
 B = Non-inter-level travel time spent in this place.
 C = Inter-level travel time spent in this place.
 D = Time resting spent in this place.
 E = Time spent auto-exploring this place.
 F = Levels seen in this place.
 G = Mean time per level.
                   A        B        C        D        E       F      G
               +--------+--------+--------+--------+--------+-----+--------+
         Total |  14857 |  14241 |    616 |    668 |  10720 |  14 | 1061.2 |
       Dungeon |  13461 |  12846 |    615 |    635 |   9687 |  12 | 1121.8 |
        Temple |      1 |      1 |      0 |      0 |      0 |   1 |    1.0 |
          Lair |   1394 |   1394 |      0 |     33 |   1033 |   1 | 1394.0 |
               +--------+--------+--------+--------+--------+-----+--------+

Top non-repeatable levels by time:
     D:8: 1489 daAuts
     D:9: 1482 daAuts
  Lair:1: 1394 daAuts
     D:5: 1286 daAuts
    D:11: 1207 daAuts
     D:4: 1185 daAuts
    D:10: 1132 daAuts
     D:7: 1109 daAuts
     D:6: 1038 daAuts
    D:12: 998 daAuts
     D:2: 874 daAuts
     D:3: 866 daAuts
     D:1: 790 daAuts
  Temple: 1 daAuts
